[Event "Portugal Open 2019"]
[Site "Lisbon"]
[Date "2019.02.09"]
[Round "9.33"]
[White "Bartel, Michal"]
[Black "Hill, Alistair"]
[Result "1-0"]
[ECO "B45"]
[WhiteElo "2306"]
[BlackElo "2152"]
[Annotator "NA"]
[PlyCount "125"]
[EventDate "2019.01.25"]
[EventType "swiss"]
[EventCountry "POR"]
[SourceTitle "playchess.com"]
[Source "ChessBase"]
[SourceQuality "1"]
[TimeControl "5400+30"]

1. e4 c5 2. Nf3 e6 3. d4 cxd4 4. Nxd4 Nc6 5. Nc3 Nf6 6. Nb3 d5 7. Bb5 dxe4 8. Qxd8+ Kxd8 9. Bg5 Be7 10. O-O-O+ Kc7 11. Bf4+ e5 12. Bxc6 exf4 13. Bxe4 Nxe4 14. Nxe4 Rd8 15. Nc3 Be6 16. Nd4 Bf6 17. Nxe6+ fxe6 18. Ne4 Kc6 19. c3 b5 20. Kc2 Rd5 21. Rxd5 Kxd5 22. f3 Kc6 23. Rd1 Rd8 24. Ra1 a6 25. a4 b4 26. Nxf6 gxf6 27. Re1 e5 28. cxb4 h5 29. Re2 h4 30. h3 Rd7 31. Kc3 Rd1 32. Rc2 Kb6 33. a5+ Kb7 34. b5 Rd5 35. bxa6+ Kxa6 36. b4 Kb5 37. Ra2 Rd8 38. a6 Rc8+ 39. Kd3 f5 40. Ra5+ Kb6 41. Rxe5 Rg8 42. Rxf5 Rxg2 43. Rf6+ Kb5 44. Rxf4 Kxa6 45. Rxh4 Kb5 46. Rf4 Rh2 47. h4 Rh1 48. Re4 Rh2 49. Kc3 Rh3 50. Rf4 Rh1 51. Rf5+ Kc6 52. h5 Kd6 53. Kd4 Ke6 54. Re5+ Kd6 55. Rd5+ Ke6 56. Rb5 Rh4+ 57. Ke3 Kd6 58. f4 Kc6 59. Rg5 Rh3+ 60. Ke4 Rb3 61. b5+ Kd6 62. b6 Ke7 63. Rg6 1-0

[Event "Portugal Open 2019"]
[Site "Lisbon"]
[Date "2019.02.09"]
[Round "9.34"]
[White "Andias, Joao Pedro Menezes"]
[Black "Ilic, Zoran S"]
[Result "0-1"]
[ECO "B31"]
[WhiteElo "2039"]
[BlackElo "2302"]
[Annotator "NA"]
[PlyCount "78"]
[EventDate "2019.01.25"]
[EventType "swiss"]
[EventCountry "POR"]
[SourceTitle "playchess.com"]
[Source "ChessBase"]
[SourceQuality "1"]
[TimeControl "5400+30"]

1. e4 c5 2. Nf3 Nc6 3. Bb5 g6 4. O-O Bg7 5. Re1 Nf6 6. c3 O-O 7. d4 Qb6 8. Bxc6 bxc6 9. dxc5 Qxc5 10. Qc2 d5 11. Be3 Qa5 12. b4 Qc7 13. Nbd2 Nxe4 14. Nxe4 Bf5 15. Nfd2 dxe4 16. Nb3 Rfd8 17. Nd4 Rd5 18. Rac1 Rad8 19. Qa4 Bd7 20. Qa6 c5 21. Nb3 Bc8 22. Qc4 Rh5 23. g3 Be6 24. Qe2 c4 25. Nc5 Bd5 26. Bf4 Qc8 27. Nxe4 Qh3 28. f3 Bxe4 29. fxe4 Rd3 30. Qf2 Bxc3 31. Be3 Bxe1 32. Rxe1 a6 33. Bc5 Qe6 34. Qe2 Qd7 35. Rf1 f6 36. Qc2 Qe6 37. Qa4 Kf7 38. Qc2 Qxe4 39. Bf2 Rxg3+ 0-1

[Event "Portugal Open 2019"]
[Site "Lisbon"]
[Date "2019.02.09"]
[Round "9.35"]
[White "Kowalski, Igor"]
[Black "Thompson, Ian D"]
[Result "1-0"]
[ECO "D10"]
[WhiteElo "2296"]
[BlackElo "2122"]
[Annotator "NA"]
[PlyCount "75"]
[EventDate "2019.01.25"]
[EventType "swiss"]
[EventCountry "POR"]
[SourceTitle "playchess.com"]
[Source "ChessBase"]
[SourceQuality "1"]
[TimeControl "5400+30"]

1. d4 d5 2. c4 c6 3. cxd5 cxd5 4. Nc3 Nf6 5. Bf4 a6 6. e3 Nc6 7. Bd3 e6 8. Nf3 Bd6 9. Rc1 Bxf4 10. exf4 Bd7 11. O-O O-O 12. Bb1 b5 13. Ne5 Rc8 14. Qd3 g6 15. Ne2 Ne8 16. Qa3 a5 17. Qh3 Nxe5 18. fxe5 f5 19. exf6 Qxf6 20. Rxc8 Bxc8 21. Qc3 Qd8 22. Bd3 Bd7 23. Qc5 Qb8 24. Rc1 Rf7 25. Qc3 Qb6 26. Qd2 e5 27. Rc5 e4 28. Bc2 Nf6 29. Bb3 a4 30. Bxd5 Nxd5 31. Rxd5 Qe6 32. Qg5 b4 33. h3 Qa6 34. Ng3 Kg7 35. Qe5+ Kh6 36. Qxe4 Be6 37. Qh4+ Kg7 38. Nh5+ 1-0

[Event "Portugal Open 2019"]
[Site "Lisbon"]
[Date "2019.02.09"]
[Round "9.36"]
[White "Fernandes, Miguel A. Murtinho"]
[Black "Sorensen, Hampus"]
[Result "1-0"]
[ECO "D31"]
[WhiteElo "2066"]
[BlackElo "2289"]
[Annotator "NA"]
[PlyCount "73"]
[EventDate "2019.01.25"]
[EventType "swiss"]
[EventCountry "POR"]
[SourceTitle "playchess.com"]
[Source "ChessBase"]
[SourceQuality "1"]
[TimeControl "5400+30"]

1. d4 d5 2. c4 e6 3. Nc3 Bb4 4. Qa4+ Nc6 5. Nf3 Nf6 6. Bg5 h6 7. Bd2 O-O 8. e3 a6 9. Qc2 dxc4 10. Bxc4 Bd6 11. a3 Qe7 12. O-O e5 13. Nd5 Nxd5 14. Bxd5 exd4 15. exd4 Qf6 16. Bxc6 bxc6 17. Bb4 Bf5 18. Qc3 Be4 19. Ne5 Rfd8 20. f3 Bd5 21. f4 Rab8 22. Rad1 Qf5 23. Rde1 Rb6 24. Rf2 Rdb8 25. g4 Qc8 26. f5 Rxb4 27. axb4 Bxb4 28. Qc1 Bxe1 29. Qxe1 Qb7 30. f6 Qb4 31. Qe3 Re8 32. fxg7 Qd6 33. g5 hxg5 34. Qxg5 Be4 35. Qh5 Kxg7 36. Qxf7+ Kh6 37. Rf6+ 1-0

[Event "Portugal Open 2019"]
[Site "Lisbon"]
[Date "2019.02.09"]
[Round "9.37"]
[White "Risting, Eivind Olav"]
[Black "Leao, Tiago Miguel Da Sil"]
[Result "1/2-1/2"]
[ECO "D45"]
[WhiteElo "2282"]
[BlackElo "2084"]
[Annotator "NA"]
[PlyCount "48"]
[EventDate "2019.01.25"]
[EventType "swiss"]
[EventCountry "POR"]
[SourceTitle "playchess.com"]
[Source "ChessBase"]
[SourceQuality "1"]
[TimeControl "5400+30"]

1. d4 Nf6 2. c4 e6 3. Nf3 d5 4. Nc3 c6 5. e3 Nbd7 6. Qc2 a6 7. b3 Bd6 8. Bd3 O-O 9. O-O h6 10. h3 Qe7 11. c5 Bc7 12. e4 dxe4 13. Nxe4 Nxe4 14. Bxe4 f5 15. Bd3 e5 16. Re1 e4 17. Bc4+ Kh8 18. Bb2 Qd8 19. Nd2 Nf6 20. f3 Bg3 21. Re2 Nd5 22. fxe4 Nf4 23. Nf1 Qg5 24. e5 Nxe2+ 1/2-1/2

[Event "Portugal Open 2019"]
[Site "Lisbon"]
[Date "2019.02.09"]
[Round "9.38"]
[White "Aguera Naredo, Javier"]
[Black "Saltvedt, Martin"]
[Result "1/2-1/2"]
[ECO "B36"]
[WhiteElo "2346"]
[BlackElo "2095"]
[Annotator "NA"]
[PlyCount "64"]
[EventDate "2019.01.25"]
[EventType "swiss"]
[EventCountry "POR"]
[SourceTitle "playchess.com"]
[Source "ChessBase"]
[SourceQuality "1"]
[TimeControl "5400+30"]

1. e4 c5 2. Nf3 Nc6 3. d4 cxd4 4. Nxd4 g6 5. c4 Nf6 6. Nc3 Bg7 7. Be3 O-O 8. Be2 d6 9. Qd2 a5 10. Rd1 Ng4 11. Bxg4 Bxg4 12. f3 Be6 13. Nxe6 fxe6 14. Bh6 Ne5 15. Bxg7 Kxg7 16. Qd4 Qc8 17. b3 Rf6 18. Na4 Ra6 19. O-O Nc6 20. Qe3 Qb8 21. c5 e5 22. Nb6 Rf7 23. Kh1 Nd4 24. Rc1 Qd8 25. Na4 Rc6 26. cxd6 exd6 27. Nc3 Rfc7 28. Nd5 Rxc1 29. Rxc1 Rxc1+ 30. Qxc1 Qh4 31. Qe3 Nc2 32. Qd2 Nd4 1/2-1/2

[Event "Portugal Open 2019"]
[Site "Lisbon"]
[Date "2019.02.09"]
[Round "9.39"]
[White "Maloberti, David"]
[Black "Bubalovic, Davorin"]
[Result "1-0"]
[ECO "E91"]
[WhiteElo "2121"]
[BlackElo "2249"]
[Annotator "NA"]
[PlyCount "127"]
[EventDate "2019.01.25"]
[EventType "swiss"]
[EventCountry "POR"]
[SourceTitle "playchess.com"]
[Source "ChessBase"]
[SourceQuality "1"]
[TimeControl "5400+30"]

1. d4 Nf6 2. c4 g6 3. Nc3 Bg7 4. e4 d6 5. Nf3 O-O 6. Be2 Nbd7 7. O-O e5 8. Be3 Ng4 9. Bg5 Bf6 10. Bxf6 Ngxf6 11. Qd2 exd4 12. Nxd4 Nc5 13. f3 a5 14. Rfd1 Bd7 15. Ndb5 Re8 16. Nd5 Bxb5 17. Nxf6+ Qxf6 18. cxb5 a4 19. Qd4 Kg7 20. Qxf6+ Kxf6 21. b6 cxb6 22. Rxd6+ Re6 23. Rad1 Ke7 24. R6d4 Ra5 25. R1d2 h6 26. Kf2 g5 27. Rd5 Rc6 28. R5d4 Re6 29. g4 Rc6 30. Rb4 Ra8 31. Bb5 Rd6 32. Rxd6 Kxd6 33. Ke3 f6 34. Rd4+ Kc7 35. Rd5 Ra5 36. Be8 Ra8 37. Bb5 Ra5 38. Be8 Ra8 39. Bf7 Rf8 40. Bg6 Rd8 41. Rxd8 Kxd8 42. Kd4 Nd7 43. Ke3 Ne5 44. Bh7 Nc4+ 45. Kd4 Nxb2 46. e5 Ke7 47. exf6+ Kxf6 48. Be4 a3 49. Bxb7 Na4 50. Bd5 Nc5 51. Bc6 Nb3+ 52. Kc3 Nc1 53. Bd5 Ne2+ 54. Kb4 Ke5 55. Bb7 Nd4 56. Kxa3 Kf4 57. Kb4 Nxf3 58. Kb5 Nxh2 59. Kxb6 Nxg4 60. a4 Ne5 61. Kb5 Nf7 62. Kc5 Ne5 63. a5 Nd3+ 64. Kb5 1-0

[Event "Portugal Open 2019"]
[Site "Lisbon"]
[Date "2019.02.09"]
[Round "9.40"]
[White "Nordquelle, Daniel"]
[Black "Barbier, Wim"]
[Result "1-0"]
[ECO "B07"]
[WhiteElo "2235"]
[BlackElo "2086"]
[Annotator "NA"]
[PlyCount "41"]
[EventDate "2019.01.25"]
[EventType "swiss"]
[EventCountry "POR"]
[SourceTitle "playchess.com"]
[Source "ChessBase"]
[SourceQuality "1"]
[TimeControl "5400+30"]

1. e4 d6 2. d4 Nf6 3. Nc3 e5 4. Nge2 Be7 5. h3 c6 6. g4 exd4 7. Nxd4 d5 8. e5 Ne4 9. Nxe4 dxe4 10. Bg2 Qa5+ 11. Bd2 Qxe5 12. Bc3 Qg5 13. Bxe4 h5 14. Rg1 hxg4 15. hxg4 Na6 16. Nxc6 Bc5 17. Qf3 Rh2 18. Nd4 Kf8 19. Qg3 Rh4 20. Nf3 Qxg4 21. Qxh4 1-0